AoeStats
← LEDheadlights

Arabia

505097745Analyzed
1v1 RM · 23d ago on Sep 7, 2026· 55m 34s· 2 players
Game mode
Random Map
Map size
Tiny (2 player)
Population
200
Speed
Normal
Resources
Standard
Victory
Conquest
Starting age
Dark Age
Ending age
Imperial Age
RankedLock teamsTeams togetherTeam positionsShared explorationLock speedFull tech treeHidden civsTurbo modeCheats
Victory
Defeat
🇨🇦 Lithuanians · Canada
1196
+14
🇺🇸 Teutons · United States
1163
-14
LEDheadlights
6:42 Loom
9:39 Feudal Age
9:50 Man-at-Arms
11:09 Arson
11:33 Horse Collar
13:58 Scale Mail Armor
17:45 Wheelbarrow
17:00 Double-Bit Axe
19:09 Fletching
21:58 Padded Archer Armor
24:09 Castle Age
22:31 Gold Mining
23:36 Town Watch
24:13 Pikeman
24:35 Elite Skirmisher
25:41 Hand Cart
26:19 Chain Mail Armor
29:14 Squires
31:02 Bow Saw
30:56 Heavy Plow
32:54 Redemption
39:08 Imperial Age
41:07 Block Printing
41:34 Plate Mail Armor
45:14 Forging
45:04 Capped Ram
51:13 Crenellations
50:24 Onager
53:26 Elite Teutonic Knight
55:06 Siege Engineers
lylesuper
7:09 Loom
9:07 Feudal Age
10:16 Double-Bit Axe
16:06 Wheelbarrow
16:20 Fletching
17:52 Padded Archer Armor
21:11 Castle Age
19:13 Horse Collar
20:52 Scale Barding Armor
22:53 Forging
24:27 Bow Saw
28:28 Bloodlines
29:22 Husbandry
29:48 Chain Barding Armor
30:33 Iron Casting
31:20 Heavy Plow
33:14 Light Cavalry
34:32 Iron Casting
34:39 Hand Cart
34:42 Scale Mail Armor
34:04 Pikeman
35:31 Squires
41:59 Imperial Age
39:33 Arson
40:09 Chain Mail Armor
42:19 Halberdier
43:36 Plate Barding Armor
43:40 Cavalier
45:58 Leather Archer Armor
46:59 Chemistry
46:22 Ballistics
46:14 Masonry
47:10 Winged Hussar
53:54 Capped Ram
Connection lost

Rejoining the realm…

Still unreachable

The connection could not be restored.

Session expired

The server has moved on; the page needs a fresh start.